 Dungeon Crawl Stone Soup version 0.30-a0-178-g4db885d750 (webtiles) character file.

Game seed: 12790824812402138531

64 Nedwor the Cutter (level 3, -1/28 HPs)
             Began as a Demonspawn Gladiator on Oct 3, 2022.
             Slain by a goblin
             ... wielding a +0 dagger
             ... led by Robin
              (3 damage)
             ... on level 2 of the Dungeon.
             The game lasted 00:02:04 (1313 turns).

Nedwor the Cutter (Demonspawn Gladiator)            Turns: 1313, Time: 00:02:04

Health: -1/28      AC:  4    Str: 22    XL:     3   Next: 91%
Magic:  3/3        EV: 12    Int:  9    God:
Gold:   115        SH:  5    Dex: 14    Spells: 2/2 levels left

rFire   . . .      SeeInvis .    a - +0 rapier
rCold   . . .      Faith    .    j - +2 buckler
rNeg    . . .      Spirit   .    b - +0 leather armour
rPois   .          Reflect  .    m - +0 helmet
rElec   .          Harm     .    (no cloak)
rCorr   .          Rampage  .    (no gloves)
Will    .....                    (no boots)
Stlth   +.........               c - amulet of the acrobat
HPRegen 0.24/turn                i - +6 ring of strength
MPRegen 0.08/turn                (no ring)

@: no status effects
A: weakness stinger 1
a: no special abilities


You were on level 2 of the Dungeon.
You visited 1 branch of the dungeon, and saw 2 of its levels.

You collected 115 gold pieces.

Inventory:

Hand Weapons
 a - a +0 rapier (weapon)
Missiles
 d - 4 throwing nets (quivered)
 e - a javelin
Armour
 b - a +0 leather armour (worn)
 j - a +2 buckler (worn)
 m - a +0 helmet (worn)
Jewellery
 c - an amulet of the acrobat (around neck)
 i - a +6 ring of strength (left hand)
Scrolls
 f - 2 scrolls of enchant weapon {unknown}
 g - 3 scrolls of identify {unknown}
 h - a scroll of immolation {unknown}
Potions
 k - a potion of haste {unknown}
 l - a potion of magic {unknown}
 n - a potion of curing {unknown}
 o - 2 potions of might {unknown}
 p - a potion of degeneration {unknown}


   Skills:
 + Level 2.5 Fighting
 * Level 3.4 Short Blades
 - Level 1.7 Throwing
 + Level 1.1 Armour
 + Level 3.1 Dodging
 + Level 0.4 Shields


You had 2 spell levels left.
You didn't know any spells.
Your spell library contained the following spells:

 Spells                   Type           Power      Damage    Failure   Level
 Necrotise                Necr           0%         1d4       54%         1
 Summon Small Mammal      Summ           0%         N/A       54%         1
 Call Canine Familiar     Summ           0%         N/A       88%         3
 Summon Guardian Golem    Hex/Summ       0%         N/A       88%         3
 Vampiric Draining        Necr           0%         2d6       88%         3
 Agony                    Necr           0%         N/A       100%        5
 Chain Lightning          Conj/Air       0%         N/A       100%        9
 Fire Storm               Conj/Fire      0%         5d1       100%        9
 Shatter                  Erth           0%         3d5*      100%        9


Dungeon Overview and Level Annotations

Branches:
Dungeon (2/15)

Altars:

Annotations:
D:2 Robin


Innate Abilities, Weirdness & Mutations

You have a small tail.


Message History

You hear a shout!
You barely miss the hobgoblin.
The hobgoblin is lightly wounded.
The hobgoblin closely misses you.
A goblin comes into view. It is wielding a +0 dagger.
The goblin closely misses you.
You hit the hobgoblin. You tail-slap the hobgoblin.
You kill the hobgoblin!
A goblin comes into view. It is wielding a +0 club.
The goblin closely misses you. You block the goblin's attack.
The goblin hits you with a +2 dagger of freezing.
The goblin freezes you.
You hit the goblin but do no damage. The goblin hits you with a +0 dagger.
A rat comes into view.
You block the goblin's attack.
A goblin comes into view. It is wielding a +0 club.
You closely miss the goblin. The goblin hits you with a +0 dagger.
* * * LOW HITPOINT WARNING * * *
The goblin hits you with a +2 dagger of freezing.
* * * LOW HITPOINT WARNING * * *
The goblin freezes you.
* * * LOW HITPOINT WARNING * * *
You hit the goblin.
You kill the goblin!
The goblin hits you but does no damage.
A goblin comes into view. It is wielding a +0 dagger.
The goblin shouts!
You hit the goblin. You tail-slap the goblin.
You kill the goblin!
Robin throws the goblin at you!
* * * LOW HITPOINT WARNING * * *
The goblin completely misses you.
Things that are here:
a +2 dagger of freezing; a goblin corpse You hit the goblin.
You kill the goblin!
Robin throws the goblin at you!
* * * LOW HITPOINT WARNING * * *
The goblin hits you with a +0 dagger.
You die...

####### .####
#.....#
.....>####.....#
#..rggg@g.....#
#..gg####.....#
#.#. ##.#### #
#.# #.# ..#
#.### ..# #...#
#.# ###.###
##.###.....#


You could see Robin, 5 goblins and a rat.

Vanquished Creatures
  2 adders (D:2)
  4 bats
  6 endoplasms
  A giant cockroach (D:1)
  5 hobgoblins
  4 jackals (D:2)
  A kobold (D:1)
  A quokka (D:1)
  6 ball pythons
  2 frilled lizards (D:1)
  7 goblins
  3 rats
42 creatures vanquished.

Notes
Turn   | Place    | Note
-------+----------+-------------------------------------------
     0 | D:1      | Nedwor the Demonspawn Gladiator began the quest for the
                  | Orb.
     0 | D:1      | Reached XP level 1. HP: 16/16 MP: 1/1
   183 | D:1      | Gained mutation: You have a small tail. [demonic ancestry]
   183 | D:1      | Reached XP level 2. HP: 22/22 MP: 2/2
   393 | D:1      | Found a faded altar of an unknown god.
   943 | D:2      | Reached XP level 3. HP: 28/28 MP: 3/3
  1082 | D:2      | Identified the +6 sling of the Bear {speed, Int+4}
  1188 | D:2      | Reached skill level 1 in Armour
  1301 | D:2      | Noticed Robin
  1313 | D:2      | Slain by a goblin

Illustrated notes

Levels and vault maps discovered:
D:1:      kennysheep_arrival_seaside, layout_loops_ring,
          ebering_ecumenical_altar_webs
D:2:      layout_basic, uniq_robin

Skill      XL: |  1  2  3 |
---------------+----------+-----
Short Blades   | 3 |  3.4
Dodging        | 3 |  3.1
Armour         | 1 |  1.1
Fighting       | |  2.5
Throwing       | |  1.7
Shields        | |  0.4

Action                   || total
-------------------------++-------
Melee: Rapier            ||   121
       Tailslap          ||    20
       Punch             ||     1
 Stab: Sleeping          ||     3
Armor: Leather armour    ||    47
Dodge: Dodged            ||   101
Block: Buckler           ||    22

Table legend: (Time is in decaauts)
 A = Elapsed time spent in this place.
 B = Non-inter-level travel time spent in this place.
 C = Inter-level travel time spent in this place.
 D = Time resting spent in this place.
 E = Time spent auto-exploring this place.
 F = Levels seen in this place.
 G = Mean time per level.
                   A        B        C        D        E       F      G
               +--------+--------+--------+--------+--------+-----+--------+
         Total |   1324 |   1290 |     34 |      0 |    969 |   2 |  662.0 |
       Dungeon |   1324 |   1290 |     34 |      0 |    969 |   2 |  662.0 |
               +--------+--------+--------+--------+--------+-----+--------+

Top non-repeatable levels by time:
     D:1: 929 daAuts
     D:2: 395 daAuts
